 Dungeon Crawl Stone Soup version 0.18-a0-1185-g2fe3d93 (webtiles) character file.

64 Banto the Poker (level 3, 0/29 HPs)
             Began as a Centaur Warper on Jan 28, 2016.
             Succumbed to an adder's poison
             ... on level 2 of the Dungeon.
             The game lasted 00:02:40 (1936 turns).

Banto the Poker (Centaur Warper)                    Turns: 1936, Time: 00:02:40

Health: 0/29       AC:  4    Str: 15    XL:     3   Next: 91%
Magic:  5/5        EV:  9    Int: 12    God:
Gold:   38         SH:  0    Dex:  9    Spells: 1 memorised, 4 levels left

rFire  . . .     SeeInvis .     a - +0 spear
rCold  . . .     Gourm    .     b - +0 leather armour
rNeg   . . .     Faith    .     (no shield)
rPois  .         Spirit   .     (no helmet)
rElec  .         Dismiss  .     (no cloak)
rCorr  .         Reflect  .     (no gloves)
SustAt .         Harm     .     (no barding)
MR     .....                    (no amulet)
Stlth  ..........               (no ring)
                                (no ring)

@: lethally poisoned (0 -> -11), very quick, not resistant to hostile
enchantments, extremely unstealthy
A: hooves 3, deformed body, speed 2, strong 1, tough skin 3
a: no special abilities


You were on level 2 of the Dungeon.
You were not hungry.

You visited 1 branch of the dungeon, and saw 2 of its levels.

You collected 38 gold pieces.

Inventory:

Hand Weapons
 a - a +0 spear (weapon)
Missiles
 e - 5 tomahawks of dispersal (quivered)
Armour
 b - a +0 leather armour (worn)
Scrolls
 d - 2 scrolls of blinking
 m - a scroll of random uselessness {unknown}
 n - 3 scrolls of identify
 o - a scroll of teleportation {unknown}
 q - a scroll of amnesia {unknown}
Potions
 h - a potion of flight
 k - a potion of cancellation
 l - a potion of might
Books
 c - a book of Spatial Translocations

   Spells                             Type                      Level
   a - Apportation                    Translocation                1
   b - Blink                          Translocation                2
   c - Shroud of Golubria             Charms/Translocation         2
   d - Portal Projectile              Translocation                3
   e - Teleport Other                 Translocation                3
   f - Passage of Golubria            Translocation                4
Comestibles
 f - a bread ration
 i - 2 meat rations
 j - a beef jerky


   Skills:
 - Level 2.0 Fighting
 + Level 3.9 Polearms
 - Level 1.1 Throwing
 - Level 0.6 Armour
 - Level 1.3 Dodging
 - Level 1.5 Spellcasting
 - Level 2.6 Translocations


You had 4 spell levels left.
You knew the following spells:

 Your Spells              Type           Power        Failure   Level  Hunger
a - Apportation           Tloc           #.........   12%         1    ##.....


Dungeon Overview and Level Annotations

Branches:
Dungeon (2/15)

Altars:


Innate Abilities, Weirdness & Mutations

You have hooves in place of feet.
Armour fits poorly on your strangely shaped body.
You cover ground very quickly.
You have extremely tough skin (AC +3).
Your muscles are strong. (Str +2)


Message History

* * * LOW HITPOINT WARNING * * *
You feel sick.
Attack whom?
Press: ? - help, Dir - move target cursor, f - you That would be overly suicidal.
Okay, then.
Drink which item? (? for menu, Esc to quit)
Okay, then.
There is a lethal amount of poison in your body!
There is a lethal amount of poison in your body!
* * * LOW HITPOINT WARNING * * *
You feel sick.
* * * LOW HITPOINT WARNING * * *
You feel sick.
You see here a goblin corpse.
* * * LOW HITPOINT WARNING * * *
You feel sick.
* * * LOW HITPOINT WARNING * * *
You feel sick.
You die...

### ###################.#
.........†..†...@...#
###################.# #.#
###################.#
.................[#.#
#################.#.#
...#..............#.#
##.#.##############.#####
.#.#....####............#


There were no monsters in sight!

Vanquished Creatures
  2 adders (D:2)
  An ooze (D:1)
  A giant gecko (D:1)
  3 giant cockroaches
  4 goblins
  7 hobgoblins
  5 jackals
  2 kobolds (D:1)
  A quokka (D:2)
  A ball python (D:1)
  5 bats
  3 giant newts
  3 rats
38 creatures vanquished.

Notes
Turn   | Place    | Note
--------------------------------------------------------------
     0 | D:1      | Banto the Centaur Warper began the quest for the Orb.
     0 | D:1      | Reached XP level 1. HP: 17/17 MP: 3/3
     5 | D:1      | Noticed an electric eel
   203 | D:1      | Reached XP level 2. HP: 2/24 MP: 4/4
   936 | D:1      | Reached skill level 3 in Polearms
  1159 | D:1      | Reached XP level 3. HP: 27/29 MP: 5/5
  1919 | D:2      | HP: 1/29 [adder (1)]
  1922 | D:2      | Gained mutation: You have a pair of small horns on your head. [potion of mutation]
  1922 | D:2      | Gained mutation: Your muscles are strong. (Str +2) [potion of mutation]
  1922 | D:2      | Lost mutation: You have a pair of small horns on your head. [potion of mutation]
  1935 | D:2      | HP: 1/29 [poisoned by an adder]
  1936 | D:2      | Succumbed to an adder's poison

Vault maps used:
D:1:      arrival_aquarium_a, minmay_quantized
D:2:      first_bread, uniq_robin, uniq_sigmund

Action                   || total
-------------------------++-------
Melee: Spear             ||   194
  Use: Scroll            ||     3
       Potion            ||     3
  Eat: Chunk             ||     2
